 Dungeon Crawl Stone Soup version 0.25.1-2-g60ff931df9 (webtiles) character file.

Game seed: 14490982642408605745

36 Martska the Grasshopper (level 3, -5/33 HPs)
             Began as a Naga Warper on Oct 12, 2020.
             Slain by a worm (8 damage)
             ... on level 2 of the Dungeon.
             The game lasted 00:00:58 (1116 turns).

Martska the Grasshopper (Naga Warper)               Turns: 1116, Time: 00:00:58

Health: -5/33      AC:  2    Str: 14    XL:     3   Next: 37%
Magic:  6/6        EV:  9    Int: 13    God:
Gold:   77         SH:  0    Dex: 10    Spells: 6/6 levels left

rFire    . . .     SeeInvis +   a - +0 spear
rCold    . . .     Gourm    .   (no shield)
rNeg     . . .     Faith    .   b - +0 leather armour
rPois    +         Spirit   .   (no helmet)
rElec    .         Reflect  .   (no cloak)
rCorr    .         Harm     .   (no gloves)
MR       .....                  (no barding)
Stlth    +.........             (no amulet)
HPRegen  0.11/turn              (no ring)
MPRegen  0.10/turn              (no ring)

@: very slow
A: large, see invisible, deformed body, poison resistance, slowness 2, slow
metabolism 1, spit poison 1, AC +1
a: Spit Poison


You were on level 2 of the Dungeon.
You were not hungry.

You visited 1 branch of the dungeon, and saw 2 of its levels.

You collected 77 gold pieces.

Inventory:

Hand Weapons
 a - a +0 spear (weapon)
Missiles
 e - 5 boomerangs of dispersal (quivered)
Armour
 b - a +0 leather armour (worn)
Scrolls
 d - a scroll of blinking
 g - a scroll of magic mapping {unknown}
 h - a scroll of fear {unknown}
 i - 2 scrolls of teleportation {unknown}
Potions
 j - a potion of curing {unknown}
 k - a potion of flight {unknown}
Comestibles
 c - a chunk of flesh
 f - 3 rations


   Skills:
 * Level 2.9 Fighting
 * Level 2.9 Polearms
 - Level 0.8 Throwing
 - Level 0.7 Armour
 - Level 1.5 Dodging
 - Level 2.0 Spellcasting
   Level 3.0 Translocations


You had 6 spell levels left.
You didn't know any spells.
Your spell library contained the following spells:

 Spells                   Type           Power        Failure   Level  Hunger
 Blink                    Tloc           N/A          14%         2    ###....
 Shroud of Golubria       Chrm/Tloc      #.....       26%         2    ###....
 Gell's Gravitas          Tloc           #.........   28%         3    ####...
 Lesser Beckoning         Tloc           #.........   28%         3    ####...
 Teleport Other           Tloc           #.......     28%         3    ####...
 Passage of Golubria      Tloc           N/A          67%         4    #####..


Dungeon Overview and Level Annotations

Branches:
Dungeon (2/15)

Altars:


Innate Abilities, Weirdness & Mutations

You cannot wear boots.
Your serpentine skin is tough. (AC +1)
You have supernaturally acute eyesight. (SInv)
Armour fits poorly on your strangely shaped body.
Your system is resistant to poisons. (rPois)
You cover ground very slowly.
You have a slow metabolism.
You can spit poison.


Message History

Press: ? - help, Shift-Dir - straight line, f - worm
Aim: a worm (heavily wounded)
The splash of poison hits the worm.
The worm is poisoned.
The worm is severely wounded.
You feel slightly more hungry. The hobgoblin hits you with a +0 club.
You hit the hobgoblin.
The hobgoblin is severely wounded.
The worm bites you.
* * * LOW HITPOINT WARNING * * *
The hobgoblin hits you with a +0 club.
* * * LOW HITPOINT WARNING * * *
You hit the hobgoblin.
The hobgoblin is almost dead.
You have got your breath back.
The hobgoblin hits you with a +0 club.
* * * LOW HITPOINT WARNING * * *
You barely miss the hobgoblin.
The hobgoblin is almost dead.
The worm bites you!
You die...

... #.### >...# ##.#.#
..#.# # # #.#.# ######
.?..#.###.#.#####....###
......w@................
###.##g.....#.###(...###
#......#.# #....#
#......#.# #....#
..#####.#.# #....# ...
....# #....# #.?% ....#
###### #... ....# .....#


You could see a worm (poisoned) and a hobgoblin.

Vanquished Creatures
  An adder (D:2)
  An ooze (D:2)
  2 dart slugs (D:1)
  2 giant cockroaches (D:1)
  A goblin (D:1)
  2 hobgoblins
  5 bats
  2 kobolds (D:1)
  3 rats
19 creatures vanquished.

Notes
Turn   | Place    | Note
-------+----------+-------------------------------------------
     0 | D:1      | Martska the Naga Warper began the quest for the Orb.
     0 | D:1      | Reached XP level 1. HP: 19/19 MP: 3/3
   264 | D:1      | Reached XP level 2. HP: 19/27 MP: 5/5
   930 | D:2      | Reached XP level 3. HP: 25/33 MP: 6/6
  1116 | D:2      | Slain by a worm

Illustrated notes

Levels and vault maps discovered:
D:1:      dpeg_arrival_pits, layout_rooms
D:2:      layout_basic, lemuel_zombie_altar_yredelemnul

Action                   || total
-------------------------++-------
Melee: Spear             ||    83
 Abil: Spit Poison       ||     1
 Stab: Sleeping          ||     1
Armor: Leather armour    ||    16
Dodge: Dodged            ||    30
